 Dungeon Crawl Stone Soup version 0.29.1-2-gbd0b4ee654 (webtiles) character file.

Game seed: 4553741951398337059

36 GigaChad the Covered (level 3, 0/33 HPs)
             Began as a Minotaur Fighter on Nov 22, 2022.
             Slain by a worm (2 damage)
             ... on level 2 of the Dungeon.
             The game lasted 00:02:44 (977 turns).

GigaChad the Covered (Minotaur Fighter)              Turns: 977, Time: 00:02:44

Health: 0/33       AC:  7    Str: 22    XL:     3   Next: 19%
Magic:  2/2        EV:  9    Int:  5    God:
Gold:   54         SH:  4    Dex:  9    Spells: 2/2 levels left

rFire   . . .      SeeInvis .   a - +0 war axe
rCold   . . .      Faith    .   c - +0 buckler
rNeg    . . .      Spirit   .   b - +0 scale mail
rPois   .          Reflect  .   (helmet restricted)
rElec   .          Harm     .   (no cloak)
rCorr   .          Rampage  .   (no gloves)
Will    .....                   (no boots)
Stlth   ..........              (no amulet)
HPRegen 0.11/turn               (no ring)
MPRegen 0.08/turn               (no ring)

@: no status effects
A: horns 2, retaliatory headbutt
a: no special abilities


You were on level 2 of the Dungeon.
You visited 1 branch of the dungeon, and saw 2 of its levels.

You collected 54 gold pieces.

Inventory:

Hand Weapons
 a - a +0 war axe (weapon)
Armour
 b - a +0 scale mail (worn)
 c - a +0 buckler (worn)
Jewellery
 j - a ring of magical power
Scrolls
 f - 2 scrolls of teleportation {unknown}
 i - 2 scrolls of enchant weapon {unknown}
 l - a scroll of summoning {unknown}
Potions
 d - a potion of might
 e - 2 potions of curing {unknown}
 g - a potion of brilliance {unknown}
 h - a potion of magic {unknown}
 k - a potion of heal wounds {unknown}
 m - a potion of cancellation {unknown}
 n - a potion of haste {unknown}


   Skills:
 + Level 4.0 Fighting
 + Level 2.9 Axes
 + Level 4.2 Armour
 + Level 0.1 Dodging
 + Level 4.0 Shields


You had 2 spell levels left.
You didn't know any spells.
Your spell library was empty.

Dungeon Overview and Level Annotations

Branches:
Dungeon (2/15)

Altars:

Shops:
D:1 (((=


Innate Abilities, Weirdness & Mutations

You have a pair of horns on your head.
You reflexively headbutt those who attack you in melee.


Message History

You feel very sick. The jackal closely misses you.
The kobold hits you with a +2 short sword of venom.
You block the jackal's attack.
The kobold hits you with a +2 short sword of venom.
You feel sick. You block the kobold's attack.
You see here a ball python corpse.
You hit the kobold but do no damage. You barely miss the jackal.
You feel sick.
The jackal bites you but does no damage.
The jackal bites you. You block the kobold's attack.
You slash the kobold!
You kill the kobold!
You barely miss the worm. You hit the jackal.
You feel sick.
The jackal barely misses you. x2; The worm closely misses you.
You furiously retaliate!
You headbutt the worm, but do no damage.
You feel sick. You block the jackal's attack.
The jackal bites you but does no damage.
Things that are here:
a +2 short sword of venom; a kobold corpse You feel sick.
The jackal bites you but does no damage.
You block the worm's attack.
You see here a ball python corpse.
You feel sick. The jackal barely misses you.
The jackal bites you but does no damage.
The worm bites you.
* * * LOW HITPOINT WARNING * * *
Things that are here:
a +2 short sword of venom; a kobold corpse You feel sick.
You are no longer poisoned.
You barely miss the worm. Your headbutt misses the worm. You slash the jackal!
You kill the jackal!
The worm bites you.
* * * LOW HITPOINT WARNING * * *
You hit the worm.
The worm is moderately wounded.
The worm bites you.
You die...

#.# ######.#
########.#.# #....#.##
##........#.# #........
..$.......#.#######.#.##
#........#.........#...
#........###########...
#........#.............
#........#.#########.##
#.....@w.#.# #[##
#..?..)†.#.# #.##
#........#†#########.##
#......))#...........##
..........>############
.######.#..# #.#..#
.....# ###...#


You could see a worm.

Vanquished Creatures
  2 dart slugs (D:1)
  An endoplasm (D:1)
  3 giant cockroaches
  A goblin (D:2)
  3 hobgoblins (D:1)
  7 jackals
  A quokka (D:1)
  2 ball pythons
  A bat (D:1)
  2 frilled lizards (D:1)
  4 kobolds
27 creatures vanquished.

Notes
Turn   | Place    | Note
-------+----------+-------------------------------------------
     0 | D:1      | GigaChad the Minotaur Fighter began the quest for the Orb.
     0 | D:1      | Reached XP level 1. HP: 19/19 MP: 0/0
   138 | D:1      | Found Beegybb's Jewellery Emporium.
   278 | D:1      | Found Kiakok's Weapon Shop.
   282 | D:1      | Reached XP level 2. HP: 27/27 MP: 1/1
   534 | D:1      | Found Qizxar's Weapon Shoppe.
   551 | D:1      | Found Moytwer's Antique Weapon Shop.
   961 | D:2      | Reached XP level 3. HP: 31/33 MP: 2/2
   977 | D:2      | Slain by a worm

Illustrated notes

Levels and vault maps discovered:
D:1:      lordsloth_arrival_two_stooges, layout_basic, serial_shops,
          nicolae_shop_behind_doors, shop, nicolae_diamond_shop, shop
D:2:      layout_basic, basic_altar

Skill      XL: |  1  2 |
---------------+-------+-----
Armour         | 4 |  4.2
Fighting       | 4 |  4.0
Shields        | 4 |  4.0
Axes           | |  2.9
Dodging        | |  0.1

Action                   || total
-------------------------++-------
Melee: War axe           ||    45
       Headbutt          ||     2
Armor: Scale mail        ||    34
Dodge: Dodged            ||    28
Block: Buckler           ||    19
